 Dungeon Crawl Stone Soup version 0.30-a0-1035-g38d5fb2972 (webtiles) character file.

Game seed: 16523964065973055617

12646 Ic0nGaming the Slicer (level 12, -1/65 (71) HPs)
             Began as a Kobold Fighter on Apr 8, 2023.
             Was an Initiate of Gozag.
             Slain by a spectral seven-headed hydra (2 damage)
             ... called from beyond by a ghost crab
             ... on level 2 of the Lair of Beasts.
             The game lasted 00:51:59 (18313 turns).

Ic0nGaming the Slicer (Kobold Fighter)             Turns: 18313, Time: 00:52:00

HP:   -1/65 (71)    AC:  8    Str: 20    XL:     12   Next: 22%
MP:   12/12         EV: 18    Int:  9    God:    Gozag
Gold: 1766          SH: 13    Dex: 16    Spells: 11/11 levels left

rFire   . . .      SeeInvis .    G - +2 short sword (elec)
rCold   + . .      Faith    .    c - +3 buckler
rNeg    + . .      Spirit   .    b - +0 scale mail
rPois   .          Reflect  +    (no helmet)
rElec   .          Rampage  .    (no cloak)
rCorr   .                        F - +0 pair of gloves "Cyce" {rC+ Str+3}
Will    .....                    (no boots)
Stlth   +++++                    d - amulet of reflection
HPRegen 0.30/turn                j - +5 ring of evasion
MPRegen 0.13/turn                s - ring of positive energy

@: mighty, drained, invisible
A: small, no large weapons, nightstalker 3
a: Renounce Religion, Potion Petition, Call Merchant, Bribe Branch


You were on level 2 of the Lair of Beasts.
You worshipped Gozag.
Gozag was most pleased with you.
You visited 3 branches of the dungeon, and saw 14 of its levels.

You collected 3882 gold pieces.
You spent 156 gold pieces at shops.
You paid 1960 gold pieces to Gozag.

Inventory:

Hand Weapons
 a - a +0 rapier
 g - a +0 vampiric scimitar
 h - a +1 short sword of venom
 l - a +0 rapier
 G - a +2 short sword of electrocution (weapon)
Missiles
 o - 5 curare-tipped darts (quivered)
 r - 6 boomerangs
Armour
 b - a +0 scale mail (worn)
 c - a +3 buckler (worn)
 F - the +0 pair of gloves "Cyce" (worn) {rC+ Str+3}
   (You acquired it on level 9 of the Dungeon)

   Str:       It affects your strength (+3).
   rC:        It protects you from cold.
Jewellery
 d - an amulet of reflection (around neck)
 j - a +5 ring of evasion (left hand)
 m - an amulet of the acrobat
 s - a ring of positive energy (right hand)
 A - a ring of see invisible
Wands
 n - a wand of roots (16)
 w - a wand of flame (26)
 x - a wand of digging (9)
 B - a wand of polymorph (1)
 E - a wand of mindburst (2)
 I - a wand of paralysis (8)
Scrolls
 i - a scroll of silence
 u - 5 scrolls of magic mapping
 v - a scroll of enchant weapon
 y - 2 scrolls of amnesia
 z - 3 scrolls of teleportation
Potions
 e - 2 potions of might
 k - 2 potions of curing
 q - 5 potions of magic
 t - 4 potions of lignification
 C - a potion of haste
 D - a potion of attraction
 J - a potion of mutation


   Skills:
 - Level 6.4 Fighting
 - Level 14.0 Short Blades
 - Level 6.4 Throwing
 + Level 4.0 Armour
 + Level 4.2 Dodging
 - Level 12.7 Stealth
 + Level 3.9 Shields
 - Level 9.0 Evocations


You had 11 spell levels left.
You didn't know any spells.
Your spell library contained the following spells:

 Spells                   Type           Power      Damage    Failure   Level
 Apportation              Tloc           0%         N/A       86%         1
 Magic Dart               Conj           0%         1d3       86%         1
 Necrotise                Necr           0%         1d4       86%         1
 Summon Small Mammal      Summ           0%         N/A       86%         1
 Call Imp                 Summ           0%         N/A       94%         2
 Dazzling Flash           Conj/Hex       0%         N/A       99%         3
 Inner Flame              Hex/Fire       0%         N/A       99%         3
 Mephitic Cloud           Conj/Pois/Air  0%         N/A       99%         3
 Summon Guardian Golem    Hex/Summ       0%         N/A       99%         3
 Agony                    Necr           0%         N/A       100%        5
 Silence                  Hex/Air        0%         N/A       100%        5
 Yara's Violent Unravell  Hex/Tmut       0%         3d3       100%        5
 Enfeeble                 Hex            0%         N/A       100%        7
 Orb of Destruction       Conj           0%         9d5       100%        7
 Spellforged Servitor     Conj/Summ      0%         N/A       100%        7


Dungeon Overview and Level Annotations

Branches:
Dungeon (11/15)            Temple (1/1) D:4            Lair (2/5) D:11
  Swamp (0/4) Lair:2          Orc (0/2) D:9
  Snake: Lair:2-3    Spider: Lair:2-3

Altars:
Ashenzari
Cheibriados
Dithmenos
Elyvilon
Fedhas
Gozag
Hepliaklqana
Kikubaaqudgha
Makhleb
Nemelex Xobeh
Okawaru
Qazlal
Ru
Sif Muna
Trog
Uskayaw
Vehumet
Wu Jian
Xom
Yredelemnul
Zin
The Shining One

Shops:
D:4 *

Annotations:
D:9 exclusion: obsidian statue


Innate Abilities, Weirdness & Mutations

You are small and have problems with some larger weapons.
You are completely attuned to the shadows.


Message History

The ghost crab is moderately damaged.
You are engulfed in spectral mist.
You hit the ghost crab.
The ghost crab is heavily damaged.
You are engulfed in spectral mist.
The ghost crab bites you but does no damage.
The ghost crab misses you.
The ghost crab breathes spectral mist at you.
The spectral mist engulfs you but does no damage.
You hit the ghost crab but do no damage.
The ghost crab is heavily damaged.
You are engulfed in spectral mist.
You hit the ghost crab but do no damage.
The ghost crab is heavily damaged.
You are engulfed in spectral mist.
The ghost crab completely misses you. The ghost crab barely misses you.
The spectral seven-headed hydra closely misses you.
You block the spectral seven-headed hydra's attack. x2
The spectral seven-headed hydra bites you!
* * * LOW HITPOINT WARNING * * *
You partially resist.
You feel drained.
* * * LOW HITPOINT WARNING * * *
The spectral seven-headed hydra completely misses you.
The spectral seven-headed hydra bites you but does no damage.
The spectral seven-headed hydra misses you.
Okay, then.
Okay, then. [a] - 336 gold - invisibility and might [b] - 390 gold - haste and heal wounds [c] - 504 gold - haste, resistance and might Purchase which effect?
You fade into invisibility!
You feel very mighty all of a sudden.
* * * LOW HITPOINT WARNING * * *
You block the ghost crab's attack. The ghost crab misses you.
The spectral seven-headed hydra bites you.
* * * LOW HITPOINT WARNING * * *
You partially resist.
You feel drained.
The spectral seven-headed hydra bites you.
You die...
Your body crumbles into a pile of gold.

.........#........#..##..
..##.#...............# .P
..####P..#.###P.+#..##
.## ..#
##..............###..#
..#
#...............#...##
..##
##.......######......#
...#
#.....#.#♣♣♣♣#####.#.#
..## #....####♣§§♣ ...
...####.....# ♣@t♣ ....
...........## ♣♣ZZ♣♣ >P##
............# ♣☼.☼○♣
...........## ♣Z○§☼♣♣
..#...#!...# ♣°○♣.☼.♣♣
..########.# ♣.♣♣♣...♣
...# #.# .~♣♣♣..~♣ ...#
#.# ♣...♣..♣♣ ..##
##.##♣~.~..~♣


You could see a ghost crab (unable to see you), a spectral seven-headed hydra
(summoned), a spectral yak (summoned) and a spectral torpor snail (summoned).

Vanquished Creatures
  The ghost of MrShunz the Covert, a journeyman VSBr of Uskayaw (Lair:1)
  A deep elf pyromancer (D:11)
  An ugly thing (D:11)
  2 black mambas (Lair:1)
  A kobold demonologist (D:11)
  A komodo dragon (Lair:1)
  3 trolls
  A hornet (D:9)
  A wraith (D:11)
  3 wyverns
  12 yaks
  A steam dragon (D:7)
  3 basilisks
  2 acid dragons (D:10)
  7 water moccasins
  A spectral polar bear (Lair:2)
  An ice beast (D:6)
  A sky beast (D:6)
  4 orc warriors
  A black bear (D:8)
  2 ogres (D:5)
  5 centaurs
  3 wolves (Lair:1)
  2 phantoms
  Blork the orc (D:5)
  3 kobold brigands
  A spectral wyvern (Lair:2)
  2 gnoll sergeants
  6 bullfrogs
  5 scorpions
  A spectral water moccasin (Lair:2)
  13 wights
  8 killer bees
  12 howler monkeys
  2 hounds (D:5)
  3 jellies
  8 orc priests
  A gnoll bouda (D:6)
  Ijyb (D:5)
  3 iguanas
  8 orc wizards
  16 gnolls
  9 adders
  A shadow imp (D:5)
  A white imp (D:6)
  An ufetubus (D:5)
  3 dart slugs
  42 orcs
  4 endoplasms
  7 giant cockroaches
  6 hobgoblins
  2 jackals (D:4)
  6 kobolds
  3 quokkas
  9 ball pythons
  2 bats (D:1)
  5 frilled lizards
  11 goblins
  3 rats
269 creatures vanquished.

Vanquished Creatures (others)
  4 fungi (Lair:1)
  3 plants (Lair:1)
7 creatures vanquished.

Grand Total: 276 creatures vanquished

Notes
Turn   | Place    | Note
-------+----------+-------------------------------------------
     0 | D:1      | Ic0nGaming the Kobold Fighter began the quest for the Orb.
     0 | D:1      | Reached XP level 1. HP: 14/14 MP: 1/1
    76 | D:1      | Reached skill level 3 in Short Blades
   175 | D:1      | Reached XP level 2. HP: 19/19 MP: 2/2
   245 | D:1      | Reached skill level 4 in Short Blades
   252 | D:1      | Found a faded altar of an unknown god.
   410 | D:1      | Reached XP level 3. HP: 21/23 MP: 3/3
  1189 | D:2      | Reached skill level 5 in Short Blades
  1356 | D:2      | Reached XP level 4. HP: 28/28 MP: 4/4
  1541 | D:2      | Found a shadowy altar of Dithmenos.
  2080 | D:3      | Reached skill level 6 in Short Blades
  2275 | D:3      | Found a glowing golden altar of the Shining One.
  2499 | D:3      | Reached XP level 5. HP: 21/32 MP: 5/5
  2563 | D:3      | Found the +7 staff of the Meek {protect, meekguard}
  2662 | D:3      | Reached skill level 7 in Short Blades
  2977 | D:4      | Identified a scroll of acquirement
  2977 | D:4      | Acquired 948 gold pieces
  3211 | D:4      | Found Naqur's Assorted Antiques.
  3214 | D:4      | Bought a scroll labelled ONNUOM DIEM for 27 gold pieces
  3214 | D:4      | Bought a silvery potion for 24 gold pieces
  3214 | D:4      | Bought a scroll labelled FUNGES JETAES for 27 gold pieces
  3214 | D:4      | Bought 2 scrolls labelled LOF CALIRA for 54 gold pieces
  3214 | D:4      | Bought a glowing orange potion for 24 gold pieces
  3274 | D:4      | Found a staircase to the Ecumenical Temple.
  3282 | Temple   | Entered the Ecumenical Temple
  3427 | Temple   | Became a worshipper of Gozag Ym Sagoz the Greedy
  3749 | D:4      | Reached XP level 6. HP: 28/37 MP: 6/6
  3979 | D:4      | Reached skill level 8 in Short Blades
  4389 | D:4      | Found a sacrificial altar of Ru.
  4389 | D:4      | Found a basalt altar of Yredelemnul.
  4390 | D:4      | Found an iron altar of Okawaru.
  4390 | D:4      | Found a burning altar of Makhleb.
  4478 | D:5      | Entered Level 5 of the Dungeon
  4677 | D:5      | Noticed Blork the orc
  4713 | D:5      | Reached XP level 7. HP: 20/41 MP: 7/7
  5286 | D:5      | Noticed a water moccasin
  5583 | D:5      | Killed a water moccasin
  5600 | D:5      | Reached skill level 5 in Throwing
  5990 | D:5      | Killed Blork the orc
  5991 | D:5      | Reached XP level 8. HP: 37/46 MP: 8/8
  6157 | D:5      | Noticed Ijyb
  6173 | D:5      | Killed Ijyb
  6543 | D:5      | Reached skill level 9 in Short Blades
  6802 | D:6      | Reached skill level 10 in Short Blades
  7208 | D:6      | Reached skill level 11 in Short Blades
  7351 | D:6      | Reached XP level 9. HP: 51/51 MP: 9/9
  7741 | D:6      | Reached skill level 12 in Short Blades
  8090 | D:7      | Reached skill level 13 in Short Blades
  8441 | D:7      | Identified the +6 hand axe of Outrage {flame, Stlth+}
  8563 | D:7      | Found the amulet of Elemental Vulnerability {rPois rF--
                  | rC-- AC+8}
  9237 | D:7      | Reached skill level 14 in Short Blades
 10040 | D:8      | Reached skill level 5 in Fighting
 10158 | D:8      | Found a shadowy altar of Dithmenos.
 10192 | D:8      | Reached skill level 1 in Stealth
 10287 | D:8      | Reached XP level 10. HP: 45/59 MP: 10/10
 10637 | D:8      | Reached skill level 5 in Stealth
 11726 | D:9      | Reached skill level 1 in Evocations
 11852 | D:9      | Noticed an obsidian statue
 11964 | D:9      | Found Bireiddu's Armour Boutique.
 12283 | D:9      | Found a staircase to the Orcish Mines.
 12870 | D:9      | Acquired the +0 pair of gloves "Cyce" {rC+ Str+3}
 13092 | D:10     | Entered Level 10 of the Dungeon
 13222 | D:9      | Reached skill level 5 in Evocations
 13375 | D:10     | Reached XP level 11. HP: 38/66 MP: 11/11
 13387 | D:10     | Reached skill level 10 in Stealth
 14777 | D:11     | Noticed a deep elf pyromancer
 14968 | D:11     | Killed a deep elf pyromancer
 15073 | D:11     | Found a staircase to the Lair.
 15155 | D:11     | Noticed a two-headed ogre
 15185 | D:11     | Noticed a manticore
 15419 | D:11     | Noticed a cyan ugly thing
 15467 | D:11     | Killed a cyan ugly thing
 15647 | Lair:1   | Entered Level 1 of the Lair of Beasts
 15843 | Lair:1   | Found a runed translucent gate.
 15843 | Lair:1   | Found a runed translucent gate.
 15843 | Lair:1   | Found a runed translucent gate.
 15964 | Lair:1   | Noticed MrShunz's ghost (journeyman VSBr)
 16144 | Lair:1   | Reached skill level 1 in Dodging
 16574 | Lair:1   | Acquired 703 gold pieces
 16984 | Lair:2   | Reached XP level 12. HP: 55/71 MP: 12/12
 17255 | Lair:2   | Noticed a catoblepas
 17413 | Lair:1   | Killed MrShunz's ghost
 17489 | Lair:1   | You fall into a shaft and drop 1 floor!
 18302 | Lair:2   | Found a staircase to the Swamp.
 18302 | Lair:2   | Noticed a ghost crab
 18313 | Lair:2   | HP: 1/66 [spectral seven-headed hydra[a ghost crab] (4)]
 18313 | Lair:2   | Slain by a spectral seven-headed hydra

Illustrated notes

Levels and vault maps discovered:
D:1:      lemuel_arrival_funnel, layout_basic, chequers_ecumenical_altar_simple,
          serial_park_tiny_pond
D:2:      layout_basic, basic_altar, chequers_arboretum, due_unseen_surprise
D:3:      layout_loops_cross, nicolae_overflow_hidden_temple,
          minmay_misc_feat_five, amcnicky_mini_rare_corridor_liquid,
          corner_web_ring, minmay_misc_feat_plants, chequers_garden,
          pf_guarded_unrand_meek
D:4:      layout_basic, mainiacjoe_overflow_alcove_3,
          minmay_temple_entry_glassed_door, nicolae_stop_n_shop_1
D:5:      layout_gridville, uniq_blork_the_orc, uniq_ijyb
D:6:      layout_rooms
D:7:      layout_basic, nicolae_hexahallways
D:8:      minmay_razor_zed, layout_loops_ring, nicolae_dithmenos_shadow_blocks
D:9:      layout_irregular_city, kennysheep_orc_monster_closet_entryway,
          serial_shops, shop, minivault_23, minivault_15
D:10:     layout_cross
D:11:     layout_loops_ring
Temple:   nicolae_temple_superstar
Lair:1:   layout_layer_cave, ebering_ghost_rock_garden
Lair:2:   layout_chaotic_city, nicolae_swamp_entry_spooky,
          nicolae_spider_entry_non_spiders, nzn_ghost_randoct

Skill      XL: |  1  2  3  4  5  6  7  8  9 10 11 12 |
---------------+-------------------------------------+-----
Short Blades   | 3 4 5 6 7 8 11 14 | 14.0
Throwing       | 2 5 6 |  6.4
Fighting       | 5 6 |  6.4
Stealth        | 2 9 12 | 12.7
Evocations     | 5 9 |  9.0
Dodging        | 2 4 |  4.2
Armour         | 3 4 |  4.0
Shields        | 3 |  3.9

Action                     |  1- 3 |  4- 6 |  7- 9 | 10-12 || total
---------------------------+-------+-------+-------+-------++-------
  Melee: Rapier            |   119 |   117 |       |       ||   236
         Short sword       |       |   110 |   433 |   679 ||  1222
         Long sword        |       |       |       |    16 ||    16
  Throw: Dart              |       |       |     3 |    13 ||    16
 Invoke: Potion Petition   |       |       |     1 |     5 ||     6
  Evoke: Wand              |       |       |       |     7 ||     7
    Use: Scroll            |     1 |    13 |     2 |    14 ||    30
         Potion            |       |     1 |     3 |     7 ||    11
   Stab: Distracted        |       |     1 |     2 |     3 ||     6
         Sleeping          |       |     1 |     1 |     7 ||     9
         Invisible         |       |       |       |     6 ||     6
         Fleeing           |       |       |       |     1 ||     1
 Armour: Scale mail        |    45 |    43 |    64 |    51 ||   203
  Dodge: Dodged            |    52 |    77 |   206 |   313 ||   648
  Block: Buckler           |    27 |    44 |    85 |   188 ||   344
         Reflection        |       |       |       |     2 ||     2

Table legend: (Time is in decaauts)
 A = Elapsed time spent in this place.
 B = Non-inter-level travel time spent in this place.
 C = Inter-level travel time spent in this place.
 D = Time resting spent in this place.
 E = Time spent auto-exploring this place.
 F = Levels seen in this place.
 G = Mean time per level.
                   A        B        C        D        E       F      G
               +--------+--------+--------+--------+--------+-----+--------+
         Total |  17801 |  17230 |    571 |   5183 |   7445 |  14 | 1271.5 |
       Dungeon |  15061 |  14539 |    522 |   4473 |   6105 |  11 | 1369.2 |
        Temple |    161 |    161 |      0 |      0 |    107 |   1 |  161.0 |
          Lair |   2578 |   2529 |     49 |    710 |   1233 |   2 | 1289.0 |
               +--------+--------+--------+--------+--------+-----+--------+

Top non-repeatable levels by time:
     D:5: 2137 daAuts
     D:9: 2088 daAuts
  Lair:1: 1986 daAuts
     D:8: 1784 daAuts
     D:7: 1468 daAuts
     D:4: 1439 daAuts
     D:6: 1252 daAuts
    D:10: 1219 daAuts
     D:2: 1063 daAuts
     D:3: 1035 daAuts
     D:1: 901 daAuts
    D:11: 671 daAuts
  Lair:2: 592 daAuts
  Temple: 161 daAuts
